SNL (28 & UNDER)
SALEM SILVER SOULS @ NEW HAMPSHIRE FISHER CATS
09/10/2024
 
TOP OF THE 1ST
Salem Silver Souls batting - Pitching for New Hampshire Fisher Cats : RHP Ron Scott
Pitching: RHP Ron Scott
Batting: LHB Raúl Cordero 0-0: Called Strike
0-1: Ground out 3-1 (Groundball, 34)
Batting: SHB Todd Smith 0-0: Ball
1-0: Called Strike
1-1: Foul Ball, location: 2F
1-2: Foul Ball, location: 2F
1-2: Ball
2-2: SINGLE (Line Drive, 4D)
Batting: RHB Lonson Seals 0-0: Fly out, F8 (Flyball, 8LS)
Batting: LHB Bill Smith 0-0: Ball
1-0: Ball
2-0: Ball
3-0: Base on Balls
Todd Smith to second
Batting: SHB Francis Shaffer 0-0: Called Strike
0-1: Ball
1-1: Fly out, F7 (Flyball, 7LM)
Top of the 1st over - 0 run(s), 1 hit(s), 0 error(s), 2 left on base; Salem 0 - New Hampshire 0
BOTTOM OF THE 1ST
New Hampshire Fisher Cats batting - Pitching for Salem Silver Souls : RHP Clark Noble
Pitching: RHP Clark Noble
Batting: RHB Felipe Rivas 0-0: Ball
1-0: Swinging Strike
1-1: Ball
2-1: Ball
3-1: Bunted foul
3-2: Foul Ball, location: 2F
3-2: SINGLE (Groundball, 6D)
Batting: RHB Santiago Vallés 0-0: Ball
1-0: Ball
2-0: Called Strike
2-1: Foul Ball, location: 2F
2-2: Foul Ball, location: 2F
2-2: Ball
3-2: 2-RUN HOME RUN (Flyball, 7LD), Distance : 396 ft
Batting: LHB Don Ramey 0-0: Ground out U3 (Groundball, 3)
Batting: SHB Lester Olsen 0-0: Fly out, F9 (Line Drive, 9M)
Batting: RHB Tim Robertson 0-0: Ground out 4-3 (Groundball, 4)
Bottom of the 1st over - 2 run(s), 2 hit(s), 0 error(s), 0 left on base; Salem 0 - New Hampshire 2
TOP OF THE 2ND
Salem Silver Souls batting - Pitching for New Hampshire Fisher Cats : RHP Ron Scott
Batting: RHB Juan López 0-0: SINGLE (Groundball, 6D)
Batting: RHB Jesús Gutiérrez 0-0: Swinging Strike
0-1: Ball
1-1: Ball
2-1: Called Strike
2-2: Foul Ball, location: 2F
2-2: Ball
3-2: Fly out, F9 (Flyball, 89M)
Batting: RHB Alejandro Martínez 0-0: Ball
1-0: Called Strike
1-1: Reached on Error, E9 (Flyball, 9M)
Juan López to second
Batting: RHB Ron Edwards 0-0: Ball
1-0: Called Strike
1-1: Ball
2-1: Foul Ball, location: 2F
2-2: Strikes out swinging
Batting: LHB Raúl Cordero 0-0: Ground out 1-3 (Groundball, 15)
Top of the 2nd over - 0 run(s), 1 hit(s), 1 error(s), 2 left on base; Salem 0 - New Hampshire 2
BOTTOM OF THE 2ND
New Hampshire Fisher Cats batting - Pitching for Salem Silver Souls : RHP Clark Noble
Batting: RHB Keith Ford 0-0: Ball
1-0: Ball
2-0: Ball
3-0: Base on Balls
Batting: LHB Gustavo Lozano 0-0: Called Strike
0-1: Foul Ball, location: 2F
0-2: Foul Ball, location: 2F
0-2: Ball
1-2: Ball
2-2: Ball
3-2: DOUBLE (Line Drive, 7LD)
Keith Ford to third
Runner from 3rd tries for Home, SAFE, throw made home
Batting: RHB Chris Parker 0-0: Fly out, F3 (Popup, 3)
Batting: RHB Júlio Trinidad 0-0: Fly out, F7 (Flyball, 78XD)
Runner from 2nd tags up, SAFE at 3rd, no throw
Batting: RHB Felipe Rivas 0-0: Ground out 1-3 (Groundball, 25)
Bottom of the 2nd over - 1 run(s), 1 hit(s), 0 error(s), 1 left on base; Salem 0 - New Hampshire 3
TOP OF THE 3RD
Salem Silver Souls batting - Pitching for New Hampshire Fisher Cats : RHP Ron Scott
Batting: SHB Todd Smith 0-0: Fly out, F8 (Flyball, 8LD)
Batting: RHB Lonson Seals 0-0: Called Strike
0-1: Called Strike
0-2: Ball
1-2: Strikes out swinging
Batting: LHB Bill Smith 0-0: Ground out 4-3 (Groundball, 4)
Top of the 3rd over - 0 run(s), 0 hit(s), 0 error(s), 0 left on base; Salem 0 - New Hampshire 3
BOTTOM OF THE 3RD
New Hampshire Fisher Cats batting - Pitching for Salem Silver Souls : RHP Clark Noble
Batting: RHB Santiago Vallés 0-0: Ball
1-0: SINGLE (Flyball, 8LS)
Batting: LHB Don Ramey 0-0: Ball
1-0: Foul Ball, location: 2F
1-1: Foul Ball, location: 2F
1-2: Ball
2-2: Grounds into double play, 4-6-3 (Groundball, 4)
Batting: SHB Lester Olsen 0-0: Swinging Strike
0-1: Called Strike
0-2: Fly out, F8 (Flyball, 8LM)
Bottom of the 3rd over - 0 run(s), 1 hit(s), 0 error(s), 0 left on base; Salem 0 - New Hampshire 3
TOP OF THE 4TH
Salem Silver Souls batting - Pitching for New Hampshire Fisher Cats : RHP Ron Scott
Batting: SHB Francis Shaffer 0-0: Called Strike
0-1: Ball
1-1: SOLO HOME RUN (Flyball, 89XD), Distance : 398 ft
Batting: RHB Juan López 0-0: Ball
1-0: Foul Ball, location: 2F
1-1: Swinging Strike
1-2: SINGLE (Groundball, 34D)
Batting: RHB Jesús Gutiérrez 0-0: Foul Ball, location: 2F
0-1: Foul Ball, location: 2F
0-2: Grounds into double play, 6-4-3 (Groundball, 6)
Batting: RHB Alejandro Martínez 0-0: Fly out, F7 (Flyball, 7D)
Top of the 4th over - 1 run(s), 2 hit(s), 0 error(s), 0 left on base; Salem 1 - New Hampshire 3
BOTTOM OF THE 4TH
New Hampshire Fisher Cats batting - Pitching for Salem Silver Souls : RHP Clark Noble
Batting: RHB Tim Robertson 0-0: Ball
1-0: Ground out 1-3 (Groundball, 13S)
Batting: RHB Keith Ford 0-0: Ball
1-0: Called Strike
1-1: Ball
2-1: Ball
3-1: Fly out, F4 (Popup, 4D)
Batting: LHB Gustavo Lozano 0-0: Ball
1-0: Foul Ball, location: 2F
1-1: Foul Ball, location: 2F
1-2: SINGLE (Groundball, 34S)
Batting: RHB Chris Parker 0-0: Foul Ball, location: 2F
0-1: Ball
1-1: Ground out 5-3 (Groundball, 5)
Bottom of the 4th over - 0 run(s), 1 hit(s), 0 error(s), 1 left on base; Salem 1 - New Hampshire 3
TOP OF THE 5TH
Salem Silver Souls batting - Pitching for New Hampshire Fisher Cats : RHP Ron Scott
Batting: RHB Ron Edwards 0-0: Foul Ball, location: 2F
0-1: Ground out 6-3 (Groundball, 6)
Batting: LHB Raúl Cordero 0-0: Swinging Strike
0-1: Swinging Strike
0-2: Ball
1-2: Ball
2-2: Foul Ball, location: 2F
2-2: Ball
3-2: Foul Ball, location: 2F
3-2: Base on Balls
Pitching: LHP Steve Paredes
Batting: SHB Todd Smith 0-0: Foul Ball, location: 2F
0-1: Called Strike
0-2: Ball
1-2: Strikes out swinging
Batting: RHB Lonson Seals 0-0: Ball
1-0: Called Strike
1-1: Ball
2-1: Fly out, F9 (Popup, 89S)
Top of the 5th over - 0 run(s), 0 hit(s), 0 error(s), 1 left on base; Salem 1 - New Hampshire 3
BOTTOM OF THE 5TH
New Hampshire Fisher Cats batting - Pitching for Salem Silver Souls : RHP Clark Noble
Batting: RHB Júlio Trinidad 0-0: Ball
1-0: Swinging Strike
1-1: Ball
2-1: Swinging Strike
2-2: Ball
3-2: Ground out 5-3 (Groundball, 56)
Batting: RHB Felipe Rivas 0-0: Ball
1-0: Called Strike
1-1: Foul Ball, location: 2F
1-2: Strikes out looking
Batting: RHB Santiago Vallés 0-0: Foul Ball, location: 2F
0-1: SINGLE (Line Drive, 34D)
Batting: LHB Don Ramey 0-0: Fly out, F2 (Popup, 2LF)
Bottom of the 5th over - 0 run(s), 1 hit(s), 0 error(s), 1 left on base; Salem 1 - New Hampshire 3
TOP OF THE 6TH
Salem Silver Souls batting - Pitching for New Hampshire Fisher Cats : LHP Steve Paredes
Batting: LHB Bill Smith 0-0: SINGLE (Flyball, 8LS)
Batting: SHB Francis Shaffer 0-0: Fly out, F8 (Flyball, 8RD)
Batting: RHB Juan López 0-0: Ball
1-0: Fly out, F7 (Flyball, 7D)
Batting: RHB Jesús Gutiérrez 0-0: Ball
1-0: Ball
2-0: Foul Ball, location: 2F
2-1: Swinging Strike
2-2: Ball
3-2: Foul Ball, location: 2F
3-2: Strikes out swinging
Top of the 6th over - 0 run(s), 1 hit(s), 0 error(s), 1 left on base; Salem 1 - New Hampshire 3
BOTTOM OF THE 6TH
New Hampshire Fisher Cats batting - Pitching for Salem Silver Souls : RHP Clark Noble
Batting: SHB Lester Olsen 0-0: Ball
1-0: Fly out, F9 (Flyball, 89M)
Batting: RHB Tim Robertson 0-0: Fly out, F4 (Popup, 4MD)
Batting: RHB Keith Ford 0-0: Foul Ball, location: 2F
0-1: Ball
1-1: Swinging Strike
1-2: Ball
2-2: Strikes out swinging
Bottom of the 6th over - 0 run(s), 0 hit(s), 0 error(s), 0 left on base; Salem 1 - New Hampshire 3
TOP OF THE 7TH
Salem Silver Souls batting - Pitching for New Hampshire Fisher Cats : LHP Steve Paredes
Pitching: RHP Dan Ford
Batting: RHB Alejandro Martínez 0-0: Ball
1-0: Ball
2-0: Called Strike
2-1: Ball
3-1: Base on Balls
Batting: RHB Ron Edwards 0-0: Fly out, F2 (Popup, 2LF)
Batting: LHB Raúl Cordero 0-0: Swinging Strike
0-1: Swinging Strike
0-2: Strikes out swinging
Batting: SHB Todd Smith 0-0: Foul Ball, location: 2F
0-1: Ground out 4-3 (Groundball, 4)
Top of the 7th over - 0 run(s), 0 hit(s), 0 error(s), 1 left on base; Salem 1 - New Hampshire 3
BOTTOM OF THE 7TH
New Hampshire Fisher Cats batting - Pitching for Salem Silver Souls : RHP Clark Noble
Batting: LHB Gustavo Lozano 0-0: Fly out, F5 (Popup, 25F)
Batting: RHB Chris Parker 0-0: Ball
1-0: DOUBLE (Line Drive, 8RS)
Batting: RHB Júlio Trinidad 0-0: Ball
1-0: Foul Ball, location: 2F
1-1: Ball
2-1: 2-RUN HOME RUN (Flyball, 7LD), Distance : 376 ft
Batting: RHB Felipe Rivas 0-0: Foul Ball, location: 2F
0-1: Fly out, F6 (Line Drive, 6)
Batting: RHB Santiago Vallés 0-0: Foul Ball, location: 2F
0-1: Foul Ball, location: 2F
0-2: SINGLE (Line Drive, 6D)
Batting: LHB Don Ramey 0-0: Ball
1-0: Ball
2-0: Ground out 4-3 (Groundball, 34)
Bottom of the 7th over - 2 run(s), 3 hit(s), 0 error(s), 1 left on base; Salem 1 - New Hampshire 5
TOP OF THE 8TH
Salem Silver Souls batting - Pitching for New Hampshire Fisher Cats : RHP Dan Ford
Batting: RHB Lonson Seals 0-0: Ball
1-0: Ground out 6-3 (Groundball, 6)
Batting: LHB Bill Smith 0-0: Foul Ball, location: 2F
0-1: DOUBLE (Flyball, 89D)
Batting: SHB Francis Shaffer 0-0: Ball
1-0: Called Strike
1-1: Ball
2-1: Foul Ball, location: 2F
2-2: Foul Ball, location: 2F
2-2: Foul Ball, location: 2F
2-2: Strikes out swinging
Batting: RHB Juan López 0-0: Called Strike
0-1: Called Strike
0-2: Ball
1-2: Strikes out swinging
Top of the 8th over - 0 run(s), 1 hit(s), 0 error(s), 1 left on base; Salem 1 - New Hampshire 5
BOTTOM OF THE 8TH
New Hampshire Fisher Cats batting - Pitching for Salem Silver Souls : RHP Clark Noble
Batting: SHB Lester Olsen 0-0: Swinging Strike
0-1: SINGLE (Line Drive, 34D)
Batting: RHB Tim Robertson 0-0: Called Strike
0-1: Ball
1-1: SINGLE (Groundball, 34)
Lester Olsen to second
Runner from 2nd tries for 3rd, OUT!
Batting: RHB Keith Ford 0-0: Ball
1-0: Ball
2-0: Called Strike
2-1: SINGLE (Groundball, 4MD)
Tim Robertson to second
Batting: LHB Gustavo Lozano 0-0: Ball
1-0: Ball
2-0: Ball
3-0: Called Strike
3-1: Base on Balls
Tim Robertson to third
Keith Ford to second
Batting: RHB Chris Parker 0-0: Grounds into double play, 5-4-3 (Groundball, 56)
Bottom of the 8th over - 0 run(s), 3 hit(s), 0 error(s), 2 left on base; Salem 1 - New Hampshire 5
TOP OF THE 9TH
Salem Silver Souls batting - Pitching for New Hampshire Fisher Cats : RHP Dan Ford
Batting: RHB Jesús Gutiérrez 0-0: Ball
1-0: Ball
2-0: Called Strike
2-1: Foul Ball, location: 2F
2-2: Ground out 6-3 (Groundball, 6)
Batting: RHB Alejandro Martínez 0-0: Ball
1-0: Ball
2-0: Called Strike
2-1: Called Strike
2-2: Ground out U3 (Groundball, 3L)
Batting: RHB Ron Edwards 0-0: Called Strike
0-1: Ground out 5-3 (Groundball, 56)
Top of the 9th over - 0 run(s), 0 hit(s), 0 error(s), 0 left on base; Salem 1 - New Hampshire 5
This league is powered by Out of the Park Baseball, the baseball management simulation game for PC, Mac and Linux
Saturday, April 9th, 2016 - OOTP Baseball 16.8 Build 38